 Dungeon Crawl Stone Soup version 0.25-a0-651-g8c222c7a2b (webtiles) character file.

Game seed: 9365945418306970728, levelgen mode: deterministic

5401 Kohma the Grappler (level 10, -1/104 HPs)
             Began as a Troll Monk on Mar 22, 2020.
             Was a High Priest of Okawaru.
             Slain by a spiny frog (20 damage)
             ... on level 8 of the Dungeon.
             The game lasted 00:22:07 (7808 turns).

Kohma the Grappler (Troll Monk)                     Turns: 7808, Time: 00:22:08

Health: -1/104     AC:  9    Str: 24    XL:     10   Next: 40%
Magic:  12/12      EV: 15    Int:  6    God:    Okawaru [*****.]
Gold:   505        SH:  0    Dex: 12    Spells: 7/9 levels left

rFire    . . .     SeeInvis .     - Unarmed
rCold    . . .     Gourm    +   (no shield)
rNeg     . . .     Faith    .   l - +1 animal skin
rPois    .         Spirit   .   (helmet restricted)
rElec    .         Reflect  .   v - +1 cloak
rCorr    .         Harm     .   (gloves unavailable)
MR       .....                  (boots unavailable)
Stlth    ++........             (no amulet)
HPRegen  0.67/turn              k - +4 ring of evasion
MPRegen  0.13/turn              (no ring)

@: no status effects
A: large, unfitting armour, claws 3, fast metabolism 3, gourmand, regeneration
1, shaggy fur 1, tough skin 3
a: Heroism, Finesse, Renounce Religion


You were on level 8 of the Dungeon.
You worshipped Okawaru.
Okawaru was extremely pleased with you.
You were full.

You visited 3 branches of the dungeon, and saw 10 of its levels.
You also visited: Sewer.

You collected 505 gold pieces.

Inventory:

Hand Weapons
 s - a +2 giant spiked club
Missiles
 d - 206 stones
 i - 46 poisoned darts
 C - 11 boomerangs
 G - 3 large rocks (quivered)
Armour
 l - a +1 animal skin (worn)
 v - a +1 cloak (worn)
 N - a +0 robe of cold resistance
Jewellery
 k - a +4 ring of evasion (left claw)
 x - an uncursed ring of wizardry
Wands
 c - a wand of acid (10)
 o - a wand of flame (9)
 I - a wand of polymorph (10)
 L - a wand of enslavement (13)
Scrolls
 e - a scroll of enchant armour {unknown}
 f - 4 scrolls of teleportation
 g - a scroll of magic mapping
 j - 3 scrolls of remove curse
 q - a scroll of immolation {unknown}
 t - a scroll of random uselessness {unknown}
 w - a scroll of fog
 y - a scroll of blinking
 z - 2 scrolls of fear
 D - a scroll of holy word {unknown}
 F - a scroll of noise
 H - a scroll of vulnerability {unknown}
Potions
 a - 2 potions of flight
 h - a potion of haste
 m - 7 potions of curing
 n - 2 potions of degeneration {unknown}
 p - 2 potions of magic
 r - 4 potions of heal wounds
 u - 2 potions of mutation {unknown}
 A - a potion of lignification {unknown}
 E - a potion of might {unknown}
 J - 2 potions of cancellation
 K - a potion of invisibility {unknown}
Comestibles
 b - 20 rations


   Skills:
 + Level 7.7 Fighting
 - Level 3.1 Throwing
 - Level 4.1 Dodging
 - Level 1.0 Stealth
 - Level 10.0 Unarmed Combat
 - Level 5.0 Evocations


You had 7 spell levels left.
You knew the following spells:

 Your Spells              Type           Power        Failure   Level  Hunger
a - Blink                 Tloc           N/A          58%         2    ###....

Your spell library contained the following spells:

 Spells                   Type           Power        Failure   Level  Hunger
 Magic Dart               Conj           #...         45%         1    ##.....
 Call Imp                 Summ           #.......     58%         2    ###....
 Slow                     Hex            #.......     58%         2    ###....
 Conjure Flame            Conj/Fire      #.......     83%         3    ####...
 Mephitic Cloud           Conj/Pois/Air  #.......     83%         3    ####...


Dungeon Overview and Level Annotations

Branches:
Dungeon (8/15)             Temple (1/1) D:6            Lair (1/6) D:8
  Sewer (visited)

Altars:
Ashenzari
Cheibriados
Dithmenos
Elyvilon
Fedhas
Gozag
Hepliaklqana
Kikubaaqudgha
Makhleb
Nemelex Xobeh
Okawaru
Qazlal
Ru
Sif Muna
Trog
Uskayaw
Vehumet
Wu Jian
Xom
Yredelemnul
Zin
The Shining One
Beogh

Shops:
D:5 (

Annotations:
D:6 2 transporters, TimeIsEndless's ghost, novice DrGl


Innate Abilities, Weirdness & Mutations

You are too large for most types of armour.
You have claws for hands.
Your metabolism is lightning-fast.
You like to eat raw meat.
Your natural rate of healing is unusually fast.
You are covered in fur. (AC +1)
You have extremely tough skin. (AC +3)


Message History

You feel sick. The spiny frog stings you!!
You are more poisoned.
The spiny frog poisons you!
You claw the spiny frog! Your claw misses the spiny frog.
The spiny frog is severely wounded.
You feel sick. The spiny frog stings you.
You closely miss the spiny frog.
The spiny frog is severely wounded.
You feel sick. The spiny frog stings you!
* * * LOW HITPOINT WARNING * * *
You feel better.
The spiny frog stings you but does no damage.
You scratch the spiny frog.
The spiny frog is almost dead.
The spiny frog stings you!
* * * LOW HITPOINT WARNING * * *
You closely miss the spiny frog.
The spiny frog is almost dead.
The spiny frog stings you!!
You die...

#.#######........##.#....#
#.# ####.#########.#....#
#.####..P...### #.#....#
#.##.........P## #.#<....
#†#...P.P).PP.P####.##...#
#.#..P...PPP..P#..........
#..........PP....#####....
#..P.P[####..P...# ######.
#...P..#.@#P.....# #......
##.P...'.F#..P...# #......
#P.P..####.P.P.## #......
#...P....?P.P..# #......
##.P.P...P.P.P## #......
#.P..PPP.P...# #......
##....P.P...## #......
###......########......
###.#######.......###


You could see a spiny frog.

Vanquished Creatures
  2 spiny frogs (D:8)
  The ghost of Glundar the Ducker, a novice OpGl (D:4)
  2 hippogriffs (D:8)
  Sigmund (D:4)
  2 yaks
  A hungry ghost (D:7)
  Edmund (D:6)
  A water moccasin (D:7)
  An orc warrior (D:8)
  2 porcupines (D:8)
  4 sky beasts
  4 ogres
  3 centaurs
  2 phantoms
  A crocodile (D:6)
  A big kobold (Sewer)
  Blork the orc (D:5)
  4 bullfrogs
  A scorpion (D:4)
  5 wights (D:6)
  2 crimson imps
  7 hounds
  A jelly (D:6)
  2 orc priests
  Crazy Yiuf (D:3)
  A bullfrog skeleton (D:7)
  5 orc wizards
  5 iguanas
  7 worker ants
  Robin (D:2)
  14 adders
  4 river rats
  7 oozes
  An adder zombie (D:5)
  4 adder skeletons
  7 worms
  5 dart slugs
  7 leopard geckos
  39 orcs
  7 giant cockroaches
  22 goblins
  9 hobgoblins
  14 jackals
  10 kobolds
  A quokka (D:4)
  3 ball pythons (Sewer)
  8 bats
  5 frilled lizards
  3 jackal skeletons
  A leopard gecko zombie (D:5)
  10 rats
253 creatures vanquished.

Vanquished Creatures (others)
  7 fungi (D:8)
  3 plants
10 creatures vanquished.

Grand Total: 263 creatures vanquished

Notes
Turn   | Place    | Note
-------+----------+-------------------------------------------
     0 | D:1      | Kohma the Troll Monk began the quest for the Orb.
     0 | D:1      | Reached XP level 1. HP: 22/22 MP: 0/0
   140 | D:1      | Reached XP level 2. HP: 29/29 MP: 1/1
   291 | D:1      | Reached skill level 1 in Throwing
   361 | D:1      | Reached XP level 3. HP: 34/36 MP: 2/2
   659 | D:2      | Reached skill level 4 in Unarmed Combat
   856 | D:2      | Noticed Robin
   868 | D:2      | Reached XP level 4. HP: 44/44 MP: 3/3
   881 | D:2      | Killed Robin
  1569 | D:3      | Reached XP level 5. HP: 45/50 MP: 4/4
  1645 | D:3      | Found a sparkling altar of Nemelex Xobeh.
  1923 | D:3      | Found a runed translucent door.
  1924 | D:3      | Noticed Crazy Yiuf
  1931 | D:3      | Killed Crazy Yiuf
  2062 | D:3      | Reached skill level 5 in Unarmed Combat
  2368 | D:4      | Noticed an ogre
  2379 | D:4      | Killed an ogre
  2379 | D:4      | Reached skill level 6 in Unarmed Combat
  2379 | D:4      | Reached XP level 6. HP: 14/59 MP: 5/5
  2478 | D:4      | Noticed Sigmund
  2495 | D:4      | Killed Sigmund
  2495 | D:4      | Reached skill level 7 in Unarmed Combat
  2539 | D:4      | Found a runed translucent door.
  2550 | D:4      | Reached XP level 7. HP: 65/66 MP: 6/6
  2755 | D:4      | Noticed Glundar's ghost (novice OpGl)
  3041 | D:4      | Reached skill level 8 in Unarmed Combat
  3550 | D:5      | Entered Level 5 of the Dungeon
  3550 | D:5      | Found a runed translucent door.
  3712 | D:5      | Found a burning altar of Makhleb.
  3713 | D:5      | Noticed an Executioner
  3714 | D:5      | Found a glowing silver altar of Zin.
  3721 | D:5      | Noticed an angel
  3758 | D:5      | Found Mezxaecw's Antique Weapon Shoppe.
  3796 | D:6      | Found a staircase to the Ecumenical Temple.
  3805 | Temple   | Entered the Ecumenical Temple
  3838 | Temple   | Became a worshipper of Warmaster Okawaru
  3838 | Temple   | Reached * piety under Okawaru
  3838 | Temple   | Reached ** piety under Okawaru
  3903 | D:6      | Reached skill level 9 in Unarmed Combat
  3903 | D:6      | Reached XP level 8. HP: 63/74 MP: 7/7
  3950 | D:6      | Found a glowing drain.
  3970 | Sewer    | Entered a sewer
  4533 | D:6      | Reached skill level 10 in Unarmed Combat
  4665 | D:6      | Found a white marble altar of Elyvilon.
  4780 | D:6      | Reached skill level 1 in Evocations
  4870 | D:6      | Noticed Edmund
  4879 | D:6      | Killed Edmund
  4879 | D:6      | Reached *** piety under Okawaru
  4882 | D:6      | Reached XP level 9. HP: 69/84 MP: 9/9
  4955 | D:6      | Found a snail-covered altar of Cheibriados.
  4958 | D:6      | Found a hazy altar of Hepliaklqana.
  4960 | D:6      | Found a shimmering blue altar of Sif Muna.
  4960 | D:6      | Found an ancient bone altar of Kikubaaqudgha.
  4964 | D:6      | Found an ornate altar of the Wu Jian Council.
  5060 | D:6      | Found a transporter.
  5066 | D:6      | Found a transporter.
  5079 | D:6      | Noticed TimeIsEndless's ghost (novice DrGl)
  5436 | D:4      | Killed Glundar's ghost
  5479 | D:5      | Noticed Blork the orc
  5486 | D:5      | Killed Blork the orc
  5973 | D:5      | Found a roughly hewn altar of Beogh.
  6068 | D:7      | Found a sparkling altar of Nemelex Xobeh.
  6069 | D:7      | Found an opulent altar of Gozag.
  6106 | D:7      | Reached skill level 5 in Fighting
  6108 | D:7      | Received a gift from Okawaru
  6385 | D:7      | Learned a level 2 spell: Blink
  6912 | D:8      | Reached **** piety under Okawaru
  7051 | D:8      | Received a gift from Okawaru
  7128 | D:8      | Reached XP level 10. HP: 75/98 MP: 12/12
  7163 | D:8      | Reached skill level 5 in Evocations
  7317 | D:8      | Found a staircase to the Lair.
  7541 | Lair:1   | Entered Level 1 of the Lair of Beasts
  7541 | Lair:1   | Noticed a spiny frog
  7541 | Lair:1   | Noticed a spiny frog
  7755 | D:8      | Killed a spiny frog
  7776 | D:8      | Killed a spiny frog
  7789 | Lair:1   | Noticed a spiny frog
  7792 | Lair:1   | Reached ***** piety under Okawaru
  7808 | D:8      | Slain by a spiny frog

Levels and vault maps discovered:
D:1:      nicolae_arrival_memento_mori, layout_basic
D:2:      layout_rooms, uniq_robin
D:3:      layout_basic, first_ration, st_stairs_14,
          nemelex_xobeh_ov_fountains_minmay, uniq_crazy_yiuf_cottage
D:4:      minmay_chambers_of_threes, layout_basic,
          ebering_ghost_reflecting_pool, serial_corexii_hall,
          corexii_hall_statues_x, chequers_hall_statues_corner_a, uniq_sigmund
D:5:      minmay_chambers_of_fours, layout_rooms,
          grunt_temple_overflow_order_and_chaos_2, serial_shops, shop,
          serial_glass, glass_columns_a, glass_columns_a, minmay_misc_feat_five,
          minmay_curled_crystal, lightli_church_of_beogh, uniq_blork_the_orc
D:6:      layout_loops_cross, lemuel_crystal_altar, minitemple,
          minmay_temple_entry_antechambers, gup_sewer_entry_bubbles,
          gammafunk_ghost_gnarly_gnolls, uniq_edmund
D:7:      layout_gridville, grunt_temple_overflow_opulence
D:8:      layout_basic, grunt_lair_entry_orc_guard_hut
Temple:   minmay_temple_bridge_abc
Lair:1:   layout_cave_shapes, beast_lair_carwin_8, lemuel_fruit_fields

Skill      XL: |  1  2  3  4  5  6  7  8  9 10 |
---------------+-------------------------------+-----
Throwing       | 1 2 3 |  3.1
Unarmed Combat | 4 6 7 9 10 | 10.0
Evocations     | 2 4 5 |  5.0
Fighting       | 3 6 7 |  7.7
Dodging        | 3 4 |  4.1
Stealth        | |  1.0

Action                   |  1- 3 |  4- 6 |  7- 9 | 10-12 || total
-------------------------+-------+-------+-------+-------++-------
Melee: Unarmed           |   110 |   109 |   409 |    59 ||   687
       Punch             |     3 |     2 |    15 |     4 ||    24
Throw: Dart              |       |     8 |     4 |       ||    12
Invok: Heroism           |       |       |     1 |       ||     1
Evoke: Wand              |       |       |     1 |       ||     1
  Use: Scroll            |       |       |    10 |     9 ||    19
       Potion            |       |       |       |     2 ||     2
 Stab: Sleeping          |     1 |     3 |     6 |       ||    10
  Eat: Chunk             |    13 |    16 |    46 |     4 ||    79
Armor: Robe              |    48 |     4 |       |       ||    52
       Animal skin       |       |    34 |   100 |     6 ||   140
Dodge: Dodged            |    62 |    51 |   231 |    57 ||   401

Table legend:
 A = Non-vault XP
 B = Vault XP
 C = Vault XP percentage of total XP
 D = Non-vault monster count
 E = Vault monster count
 F = Vault count percentage of total count
                 A         B        C        D         E       F
            +---------+---------+-------+---------+---------+-------
      Total |    4303 |    3413 |  44.2 |     156 |      97 |  38.3
            +---------+---------+-------+---------+---------+-------
        D:1 |      58 |       0 |   0.0 |      30 |       0 |   0.0
        D:2 |      56 |      38 |  40.4 |      24 |      12 |  33.3
        D:3 |     130 |      44 |  25.3 |      18 |       3 |  14.3
        D:4 |     580 |     683 |  54.1 |      21 |       8 |  27.6
        D:5 |     210 |     568 |  73.0 |      16 |      31 |  66.0
        D:6 |    1289 |     217 |  14.4 |      18 |       8 |  30.8
        D:7 |     505 |       0 |   0.0 |      11 |       0 |   0.0
        D:8 |    1475 |    1422 |  49.1 |      18 |       6 |  25.0
     Lair:1 |       0 |     193 | 100.0 |       0 |       1 | 100.0
      Sewer |       0 |     248 | 100.0 |       0 |      28 | 100.0
            +---------+---------+-------+---------+---------+-------
